Map: Dusk Towers

Players

thorishere - Winner!

  • Race: Terran Terran
  • League: Diamond

Virus

  • Race: Zerg Zerg
  • League: Platinum

VOD

Have the link to the VOD?

Description

Time

  • Played on: Jan. 18, 2016, 3:34 a.m.
  • Length: 12:16
Show
View Real Time Build Order
Export as new Build Order

thorishere Terran - Winner!

Build Orders: Mech 

Get SALT Encoding   

  12  0:01  SCV  
  13  0:13  SCV  
  14  0:17  Supply Depot  
  14  0:25  SCV  
  15  0:29  Refinery  
  15  0:39  SCV  
  15  0:41  Refinery  
  16  0:52  Barracks  
  16  0:56  SCV  
  17  1:08  SCV  
  18  1:20  SCV  
  19  1:32  SCV  
  20  1:39  Reaper  
  21  1:43  Factory  
  21  1:44  Orbital Command  
  21  2:17  Command Center  
  21  2:20  SCV  
  22  2:24  Barracks Tech Lab  
  22  2:26  Factory Reactor  
  22  2:33  Factory  
  22  2:45  SCV  
  22  2:46  Supply Depot  
  23  3:07  Widow Mine x2  
  23  3:08  SCV  
  23  3:12  Marauder  
  29  3:18  Factory Tech Lab  
  29  3:21  Bunker  
  29  3:25  SCV  
  30  3:29  Orbital Command  
  30  3:34  Marauder  
  32  3:43  Siege Tank  
  32  3:45  SCV  
  36  3:55  Barracks  
  36  3:57  Engineering Bay  
  36  3:59  Marine  
  33  4:10  Widow Mine x2  
  37  4:25  Bunker  
  37  4:26  Marine  
  37  4:27  Siege Tank  
  41  4:35  SCV x2  
  43  4:58  Factory  
  43  4:59  Siege Tank  
  46  5:09  Refinery  
  46  5:12  Supply Depot  
  46  5:13  Supply Depot  
  46  5:15  SCV x2  
  46  5:16  Supply Depot  
  47  5:31  Hellion x2, Infernal Pre-Igniter  
  51  5:46  SCV x2  
  53  5:58  SCV x2  
  55  6:05  Command Center  
  55  6:06  Armory  
  55  6:10  SCV  
  56  6:12  Missile Turret  
  56  6:17  Refinery  
  56  6:20  Missile Turret  
  56  6:21  SCV  
  57  6:28  Hellion  
  57  6:30  Hellion  
  57  6:31  Hellion  
  63  6:37  Siege Tank  
  66  6:42  SCV  
  66  6:43  SCV  
  68  6:54  Hellion x2  
  72  6:58  Thor  
  72  6:59  Terran Vehicle Weapons Level 1  
  78  7:08  Factory, Armory  
  76  7:18  Siege Tank  
  79  7:28  SCV  
  79  7:29  SCV  
  73  7:36  Orbital Command  
  73  7:42  Thor  
  79  7:44  SCV x2  
  83  7:51  Hellbat x2  
  83  7:56  SCV  
  83  7:58  SCV  
  87  8:00  Refinery  
  87  8:02  SCV  
  87  8:03  Refinery  
  88  8:08  SCV  
  88  8:09  Supply Depot  
  88  8:11  Supply Depot  
  89  8:13  Missile Turret  
  89  8:22  Missile Turret  
  89  8:23  Terran Vehicle And Ship Armor Level 1  
  89  8:26  Missile Turret  
  89  8:27  Missile Turret  
  89  8:28  SCV x2  
  89  8:31  Factory Tech Lab, Siege Tank  
  94  8:34  SCV  
  95  8:44  SCV  
  95  8:45  SCV  
  97  8:50  SCV  
  97  8:54  Supply Depot  
  98  8:56  Terran Vehicle Weapons Level 2  
  98  8:58  Factory  
  98  8:59  Barracks Reactor  
  97  9:05  Siege Tank  
  97  9:07  Siege Tank x2  
  97  9:09  Hellbat  
  108  9:15  Supply Depot  
  108  9:16  Hellbat  
  110  9:17  Supply Depot  
  110  9:18  SCV x2  
  110  9:23  SCV  
  113  9:30  SCV  
  114  9:34  Starport  
  114  9:36  Hellbat  
  114  9:37  Siege Tank  
  114  9:38  SCV  
  120  9:42  Command Center  
  112  9:59  Hellbat x2  
  111  10:00  Hellbat x3  
  111  10:06  SCV x2  
  111  10:07  SCV  
  116  10:12  Thor  
  122  10:24  Liberator x2, SCV x2  
  124  10:36  SCV x2  
  124  10:38  Factory Tech Lab  
  132  10:49  Hellbat x2  
  136  10:52  Supply Depot  
  136  10:55  Supply Depot  
  136  10:59  Hellbat  
  136  11:00  Hellbat x2  
  136  11:12  Hellbat  
  136  11:13  Hellbat x2  
  138  11:21  Hellbat  
  140  11:27  Hellbat x2  
  144  11:34  Hellbat  
  162  12:03  SCV  
Show
View Real Time Build Order
Export as new Build Order

Virus Zerg 

Build Orders: Pool First 

Get SALT Encoding   

  12  0:00  Drone  
  13  0:12  Overlord  
  13  0:17  Drone  
  14  0:30  Drone x2  
  14  0:35  Drone  
  17  0:46  Spawning Pool  
  17  0:49  Drone  
  17  0:51  Extractor  
  16  1:16  Hatchery  
  16  1:18  Drone  
  16  1:19  Drone  
  16  1:24  Drone  
  18  1:36  Queen  
  20  1:41  Zergling x2  
  20  1:44  Drone  
  22  1:51  Overlord  
  22  2:04  Roach Warren  
  22  2:07  Drone  
  22  2:15  Queen  
  22  2:20  Drone  
  25  2:43  Roach x3  
  25  2:44  Roach  
  33  2:45  Roach  
  33  2:49  Overlord  
  34  3:20  Drone x3  
  34  3:21  Drone x3  
  34  3:24  Drone  
  34  3:25  Overlord  
  41  3:27  Ravager x2  
  41  3:28  Ravager  
  41  3:33  Overlord  
  44  3:45  Extractor  
  44  3:47  Drone x2  
  44  3:48  Drone x3  
  48  3:49  Extractor, Drone  
  48  3:55  Overlord  
  41  4:23  Drone  
  41  4:24  Drone x8  
  50  4:47  Hatchery  
  50  4:52  Lair  
  49  4:58  Drone, Evolution Chamber  
  49  4:59  Drone  
  50  5:00  Extractor, Evolution Chamber  
  50  5:02  Drone x2  
  50  5:03  Drone x4  
  50  5:05  Roach x3  
  60  5:09  Overlord  
  60  5:25  Zerg Missile Weapons Level 1  
  60  5:26  Zerg Ground Armor Level 1  
  60  5:35  Spore Crawler  
  59  5:39  Spore Crawler, Drone  
  59  5:42  Drone  
  60  5:45  Roach  
  60  5:46  Roach x3  
  60  5:48  Overlord x3  
  60  5:49  Overlord  
  68  5:58  Queen  
  70  6:13  Drone  
  70  6:14  Drone x4  
  70  6:15  Drone x5  
  80  6:21  Zergling x2  
  81  6:26  Spore Crawler  
  81  6:31  Drone  
  81  6:32  Drone x2, Spire  
  82  6:37  Queen  
  84  6:40  Ravager x3  
  84  6:41  Ravager x4  
  91  6:50  Extractor  
  91  6:51  Extractor  
  91  6:52  Drone x6  
  95  6:56  Roach x3  
  95  7:00  Overlord  
  95  7:01  Overlord  
  101  7:03  Overseer  
  100  7:09  Overlord  
  100  7:10  Drone x3  
  100  7:11  Drone x2  
  105  7:24  Drone  
  106  7:41  Roach x4  
  106  7:42  Roach x8  
  130  7:53  Overlord x4  
  130  7:58  Zerg Melee Weapons Level 1, Zerg Ground Armor Level 2  
  130  8:10  Hatchery  
  129  8:16  Roach x10  
  129  8:17  Roach  
  151  8:21  Ravager x5  
  151  8:23  Overlord  
  151  8:25  Overlord  
  156  8:30  Infestation Pit  
  155  8:36  Roach x3  
  155  8:38  Overlord  
  155  8:39  Overlord  
  161  8:47  Roach x4  
  169  8:58  Queen  
  171  9:09  Pneumatized Carapace  
  171  9:10  Hive  
  171  9:36  Spore Crawler  
  78  10:07  Queen  
  78  10:09  Drone x5  
  78  10:10  Drone x8  
  78  10:11  Drone x2  
  78  10:12  Drone  
  97  10:14  Drone x2  
  98  10:27  Zergling x2  
  98  10:28  Zergling x38, Ultralisk Cavern  
  107  10:29  Zergling x4  
  107  10:31  Metabolic Boost  
  119  10:42  Extractor  
  118  10:44  Extractor  
  117  11:04  Roach x6  
  95  11:05  Roach x10  
  119  11:18  Roach  
  119  11:19  Roach x8  
  127  11:32  Ultralisk x3  
  123  11:33  Ultralisk  
  91  11:56  Zergling x8  
Tags
 
Composition
Mech
Matchup
TvZ
Opening
Pool First
Add a new tag
Caveats
  • Supply blocks, unpowered buildings, or Contaminate may cause inaccurate times.
  • Supply counts are checked every 10 seconds.